 Dungeon Crawl Stone Soup version 0.22.1-1-ga44c0e5 (webtiles) character file.

117908 MTVSty1e the Severer (level 16, -3/108 HPs)
             Began as a Gargoyle Fighter on Oct 24, 2018.
             Was the Champion of Okawaru.
             Slain by an earth elemental (19 damage)
             ... summoned by a deep elf mage
             ... led by a deep elf high priest
             ... on level 1 of the Elven Halls.
             The game lasted 00:55:57 (27510 turns).

MTVSty1e the Severer (Gargoyle Fighter)            Turns: 27510, Time: 00:55:58

Health: -3/108     AC: 43    Str: 27    XL:     16   Next: 75%
Magic:  25/26      EV:  6    Int: 13    God:    Okawaru [******]
Gold:   2494       SH: 24    Dex: 12    Spells: 15/15 levels left

rFire    + + +     SeeInvis +   y - +7 hand axe of Arhecs {chop, Fragile +Blink rF++ SInv}
rCold    + + +     Gourm    .   C - +0 large shield
rNeg     + . .     Faith    .   h - +2 crystal plate armour {rC+}
rPois    ∞         Spirit   .   F - +2 hat
rElec    +         Reflect  +   w - scarf {rC+ rF+}
rCorr    .         Harm     .   M - +0 pair of fencer's gloves {+Riposte Dex+3}
MR       +++..                  J - +0 pair of boots {Fly}
Stlth    ..........             a - +4 amulet of reflection
HPRegen  0.28/turn              A - ring of protection from magic
MPRegen  0.20/turn              l - ring of Lenavvyck {rC+ MR+ Int+4}

@: about to teleport, heroism, flying
A: big wings, negative energy resistance 1, electricity resistance, unbreathing,
petrification resistance, rot immunity, AC +12
a: Stop Flying, Heroism, Finesse, Renounce Religion, Evoke Blink


You were on level 1 of the Elven Halls.
You worshipped Okawaru.
Okawaru was exalted by your worship.
You were not hungry.

You visited 4 branches of the dungeon, and saw 25 of its levels.
You also visited: Ice Cave.

You collected 2494 gold pieces.

Inventory:

Hand Weapons
 b - a +2 broad axe of venom
 y - the +7 hand axe of Arhecs (weapon) {chop, Fragile +Blink rF++ SInv}
   (Okawaru gifted it to you on level 15 of the Dungeon)

   It inflicts extra damage upon your enemies.
   It greatly protects you from fire.
   It lets you see invisible.
   It lets you blink.
   It will be destroyed if unequipped.
 K - a +4 broad axe of electrocution
 Q - a +5 broad axe of flaming
Armour
 h - a +2 crystal plate armour of cold resistance (worn)
 w - a scarf of resistance (worn)
 C - a +0 large shield (worn)
 F - a +2 hat (worn)
 G - +1 fire dragon scales
 J - a +0 pair of boots of flying (worn)
 M - the +0 pair of fencer's gloves (worn) {+Riposte Dex+3}
   (You found it in an ice cave)

   It affects your dexterity (+3).
Jewellery
 a - a +4 amulet of reflection (around neck)
 c - an uncursed ring of positive energy
 l - the ring of Lenavvyck (right hand) {rC+ MR+ Int+4}
   (You found it on level 6 of the Lair of Beasts)

   [ring of protection from cold]

   It affects your intelligence (+4).
   It protects you from cold.
   It affects your resistance to hostile enchantments.
 A - a ring of protection from magic (left hand)
Wands
 o - a wand of digging (8)
 p - a wand of flame (93)
 q - a wand of paralysis (13)
 v - a wand of iceblast (44)
 x - a wand of clouds (5)
 z - a wand of acid (18)
 D - a wand of polymorph (39)
Scrolls
 d - 3 scrolls of magic mapping
 e - 5 scrolls of remove curse
 g - a scroll of enchant armour
 i - 13 scrolls of teleportation
 r - 3 scrolls of amnesia
 H - a scroll of fear
 L - 3 scrolls of summoning
 P - 2 scrolls of enchant weapon
Potions
 j - 3 potions of heal wounds
 k - 3 potions of brilliance
 m - a potion of haste
 n - 11 potions of curing
 s - a potion of resistance
 t - 3 potions of lignification
 u - 2 potions of invisibility
 B - 2 potions of agility
 E - 3 potions of berserk rage
 N - a potion of magic
 O - 2 potions of might
Comestibles
 f - 36 rations


   Skills:
 + Level 15.1(20.1) Fighting
 * Level 17.3(22.3) Axes
 + Level 10.7(15.7) Armour
 + Level 8.0(13.0) Shields
 * Level 14.0 Invocations


You had 15 spell levels left.
You didn't know any spells.
Your spell library contained the following spells:

 Spells                   Type           Power        Failure   Level  Hunger
 Beastly Appendage        Tmut           #.....       100%        1    ##.....
 Corona                   Hex            #......      100%        1    ##.....
 Shock                    Conj/Air       #...         100%        1    ##.....
 Ensorcelled Hibernation  Hex/Ice        #.....       100%        2    ###....
 Sticks to Snakes         Tmut           #.......     100%        2    ###....
 Swiftness                Chrm/Air       #.......     100%        2    ###....
 Confuse                  Hex            #.......     100%        3    ####...
 Dazzling Spray           Conj/Hex       #.....       100%        3    ####...
 Spider Form              Tmut/Pois      #.........   100%        3    ####...
 Static Discharge         Conj/Air       #.......     100%        3    ####...
 Tukima's Dance           Hex            #.......     100%        3    ####...
 Airstrike                Air            #.........   100%        4    #####..
 Ice Form                 Ice/Tmut       #.......     100%        4    #####..
 Blade Hands              Tmut           #.........   100%        5    ######.
 Lightning Bolt           Conj/Air       #.........   100%        5    ######.


Dungeon Overview and Level Annotations

Branches:
Dungeon (15/15)            Temple (0/1) D:7            Lair (6/6) D:10
  Swamp (0/4) Lair:4       Spider (0/4) Lair:3        Slime (0/5) Lair:6
    Orc (2/2) D:10            Elf (2/3) Orc:2        Vaults (0/5) D:13
 Depths (0/5) D:15

Altars:
Ashenzari
Elyvilon
Hepliaklqana
Kikubaaqudgha
Makhleb
Nemelex Xobeh
Okawaru
Qazlal
Trog
Uskayaw
Vehumet
Yredelemnul
Beogh
Jiyva

Shops:
D:14 ?   Orc:2 }[[%

Annotations:
D:9 exclusion: 2 oklob plants
Lair:1 exclusion: oklob plant
Lair:2 exclusion: oklob plant
Lair:5 exclusion: 3 oklob plants
Lair:6 Kirke


Innate Abilities, Weirdness & Mutations

You are resistant to torment.
Your stone body is resilient. (AC +12)
You are immune to poison.
Your large and strong wings let you fly indefinitely.
You resist negative energy. (rN+)
You are resistant to electric shocks. (rElec)
You can survive without breathing.
You are immune to petrification.
You are immune to rotting.


Message History

You block the battleaxe of chopping's attack.
You block the earth elemental's attack.
The deep elf high priest barely misses you.
You slash the deep elf high priest!
The deep elf high priest is heavily wounded.
You hit the earth elemental.
You hit the battleaxe of chopping but do no damage.
The deep elf annihilator casts a spell.
The deep elf annihilator blinks!
The battleaxe of chopping hits you!
* * * LOW HITPOINT WARNING * * *
x2 You feel much better.
The deep elf mage seems less brilliant.
The deep elf annihilator seems less brilliant.
The deep elf mage is empowered by the deep elf high priest's aura!
The deep elf annihilator is empowered by the deep elf high priest's aura!
You block the deep elf high priest's attack.
The deep elf annihilator casts a spell at you.
The crystal spear hits you!
* * * LOW HITPOINT WARNING * * *
The earth elemental hits you!!
You die...

#### .....
####### .....
#+.....##..♣..
#.......#>..
#.......#.
+.§.....#
#.....@e#
#....eE(# ###
##....eE###+###
#####
###'###(.....#
##.#.## #.#
##.§...#
##..#..## #.#
......#
##...+...## #.#
......#
##+###+#### #.#
......#
#...#...# #.#
.....##


You could see a deep elf annihilator, a deep elf high priest, 2 earth
elementals, a deep elf mage and a battleaxe of chopping.

Vanquished Creatures
  Donald (Orc:2)
  A deep elf demonologist (Elf:1)
  A deep elf annihilator (Elf:1)
  Snorg (D:15)
  2 yaktaur captains (D:15)
  A great orb of eyes (D:15)
  A deep elf high priest (D:15)
  Fannar (Orc:1)
  6 hydras
  5 centaur warriors
  12 two-headed ogres
  5 catoblepae
  2 dancing weapons (D:13)
  An ogre mage (D:15)
  2 orc high priests
  10 death yaks
  Urug (Lair:6)
  A deep elf knight (Elf:1)
  Nergalle (D:11)
  3 unseen horrors
  A lindwurm (Lair:5)
  4 orc knights
  6 manticores
  6 orc sorcerers (Orc:2)
  9 ugly things (D:15)
  16 deep elf magi
  6 centaur zombies
  21 elephants
  Joseph (D:8)
  2 ice statues (IceCv)
  3 black mambas
  A gargoyle (D:14)
  A torpor snail (Lair:5)
  10 spiny frogs
  4 komodo dragons
  A kobold demonologist (D:14)
  6 rime drakes
  2 centaur skeletons
  3 efreet
  A redback zombie (D:15)
  11 ice devils (IceCv)
  6 trolls
  3 polar bears
  A queen bee (Lair:5)
  A jumping spider (Lair:3)
  4 hornets
  3 meliai (Lair:5)
  18 blink frogs
  9 hippogriffs
  A centaur simulacrum (D:15)
  2 water elementals (Elf:1)
  2 redbacks (Lair:3)
  A vampire (D:13)
  74 yaks
  7 wyverns
  4 basilisks
  4 shadows
  3 hogs (Lair:6)
  A fire elemental (Elf:1)
  A steam dragon (D:13)
  A hungry ghost (D:8)
  Grum (D:11)
  3 wargs
  2 soldier ants
  An acid dragon (D:11)
  10 water moccasins
  11 porcupines
  4 black bears
  25 orc warriors
  3 phantoms
  3 sky beasts
  3 boggarts (D:15)
  A necrophage (D:14)
  14 ogres
  15 wolves
  3 ice beasts
  An eye of draining (D:15)
  5 centaurs
  13 crocodiles
  5 big kobolds
  16 bullfrogs
  7 gnoll sergeants (D:10)
  31 killer bees (Lair:5)
  3 scorpions
  9 wights
  A water moccasin skeleton (D:4)
  A vampire bat (D:14)
  4 electric eels (D:7)
  6 howler monkeys
  5 crimson imps
  2 bullfrog zombies
  4 hounds
  3 bullfrog skeletons
  2 quasits
  28 orc priests
  4 jellies
  2 iguanas
  46 orc wizards
  6 worker ants
  A howler monkey skeleton (D:9)
  11 gnolls
  A river rat (Lair:5)
  15 adders
  2 shadow imps
  20 white imps
  7 ufetubi (IceCv)
  An ooze (D:2)
  An adder zombie (D:10)
  An adder skeleton (D:10)
  A worm (D:2)
  5 dart slugs
  6 leopard geckos
  87 orcs
  19 bats
  6 giant cockroaches
  13 goblins
  11 hobgoblins
  22 jackals
  22 kobolds
  2 quokkas
  2 ball pythons
  A ball python skeleton (D:4)
  2 frilled lizards
  7 rats
  4 fungi
  3 plants (Lair:6)
895 creatures vanquished.

Vanquished Creatures (others)
  A reaper (IceCv)
  2 cyclopes
  An orc warrior (Orc:1)
  A boggart (D:15)
  An orc wizard (Orc:2)
  2 white imps (IceCv)
  2 ufetubi (IceCv)
  A kobold (D:11)
  10 fungi
  19 plants
40 creatures vanquished.

Grand Total: 935 creatures vanquished

Notes
Turn   | Place    | Note
-------+----------+-------------------------------------------
     0 | D:1      | MTVSty1e the Gargoyle Fighter began the quest for the Orb.
     0 | D:1      | Reached XP level 1. HP: 14/14 MP: 1/1
    21 | D:1      | Reached skill level 2 in Axes
    39 | D:1      | Reached XP level 2. HP: 15/19 MP: 2/2
   398 | D:1      | Reached XP level 3. HP: 24/24 MP: 3/3
   823 | D:2      | Reached skill level 3 in Axes
  1036 | D:2      | Reached XP level 4. HP: 6/29 MP: 4/4
  1883 | D:2      | Reached XP level 5. HP: 34/34 MP: 5/5
  2178 | D:3      | Reached skill level 4 in Axes
  3129 | D:4      | Reached XP level 6. HP: 32/40 MP: 6/6
  3303 | D:4      | Reached skill level 5 in Fighting
  3376 | D:4      | Reached skill level 5 in Axes
  3441 | D:4      | Found an iron altar of Okawaru.
  3578 | D:4      | Became a worshipper of Warmaster Okawaru
  3796 | D:4      | Reached XP level 7. HP: 41/44 MP: 7/7
  3933 | D:5      | Entered Level 5 of the Dungeon
  3966 | D:5      | Reached skill level 6 in Axes
  4548 | D:6      | Reached * piety under Okawaru
  4901 | D:6      | Reached XP level 8. HP: 31/52 MP: 8/8
  5062 | D:6      | Found a hide-covered altar of Uskayaw.
  5066 | D:6      | Found a shattered altar of Ashenzari.
  5067 | D:6      | Found a sparkling altar of Nemelex Xobeh.
  5080 | D:6      | Found a hazy altar of Hepliaklqana.
  5080 | D:6      | Found a radiant altar of Vehumet.
  5169 | D:7      | Found a staircase to the Ecumenical Temple.
  5175 | D:7      | Reached skill level 7 in Axes
  5709 | D:7      | HP: 2/53 [electric eel/bolt of electricity (4)]
  6161 | D:7      | Reached skill level 8 in Axes
  6167 | D:7      | Reached ** piety under Okawaru
  6506 | D:7      | Reached XP level 9. HP: 28/58 MP: 9/9
  7108 | D:7      | Reached skill level 9 in Axes
  7461 | D:8      | Reached *** piety under Okawaru
  7597 | D:8      | Reached skill level 10 in Axes
  7647 | D:8      | Found a stormy altar of Qazlal.
  7772 | D:8      | Noticed Joseph
  7804 | D:8      | Killed Joseph
  7804 | D:8      | Reached **** piety under Okawaru
  7804 | D:8      | Reached XP level 10. HP: 64/66 MP: 10/10
  8233 | D:9      | Identified a scroll of acquirement
  8236 | D:9      | Got a scorched broad axe
  8237 | D:9      | Identified the +1 broad axe of Division {freeze, rElec}
                  | (You acquired it on level 9 of the Dungeon)
  8452 | D:9      | Noticed an oklob plant
  8562 | D:9      | Reached skill level 11 in Axes
  8571 | D:9      | Noticed an oklob plant
  8611 | D:9      | Killed an unseen horror
  8611 | D:9      | Reached skill level 10 in Fighting
  8947 | D:9      | Found an ancient bone altar of Kikubaaqudgha.
  9028 | D:9      | Reached ***** piety under Okawaru
  9231 | D:9      | Noticed a two-headed ogre
  9238 | D:9      | Killed a two-headed ogre
  9238 | D:9      | Reached skill level 12 in Axes
  9578 | D:10     | Entered Level 10 of the Dungeon
  9603 | D:10     | Reached XP level 11. HP: 66/73 MP: 11/11
  9651 | D:10     | Noticed a two-headed ogre
  9658 | D:10     | Killed a two-headed ogre
  9658 | D:10     | Received a gift from Okawaru
  9954 | D:10     | Found a staircase to the Lair.
  9964 | D:10     | Received a gift from Okawaru
 10136 | D:10     | Killed an unseen horror
 10687 | D:10     | Noticed a two-headed ogre
 10695 | D:10     | Killed a two-headed ogre
 10723 | D:10     | Reached skill level 13 in Axes
 10834 | D:10     | Found a staircase to the Orcish Mines.
 11209 | D:11     | Noticed Grum
 11218 | D:11     | Killed Grum
 11279 | D:11     | Noticed a two-headed ogre
 11287 | D:11     | Killed a two-headed ogre
 11287 | D:11     | Received a gift from Okawaru
 11328 | D:11     | Noticed an eight-headed hydra
 11461 | D:11     | Found a bloodstained altar of Trog.
 11498 | D:11     | Killed an eight-headed hydra
 11498 | D:11     | Reached skill level 1 in Invocations
 11498 | D:11     | Reached XP level 12. HP: 67/81 MP: 9/13
 11501 | D:11     | Got an ancient ring mail
 11502 | D:11     | Identified the +3 ring mail of the Hare {rF- Str+6} (You
                  | found it on level 11 of the Dungeon)
 11602 | D:11     | Found an ancient bone altar of Kikubaaqudgha.
 11620 | D:11     | Noticed a two-headed ogre
 11626 | D:11     | Killed a two-headed ogre
 11740 | D:11     | Reached ****** piety under Okawaru
 11825 | D:11     | Received a gift from Okawaru
 11826 | D:11     | Noticed Nergalle
 11846 | D:11     | Killed Nergalle
 11846 | D:11     | Reached skill level 14 in Axes
 11956 | D:11     | You fall through a shaft for 3 floors!
 11956 | D:14     | Noticed a centaur warrior
 11970 | D:14     | Killed a centaur warrior
 12266 | D:12     | Noticed a two-headed ogre
 12269 | D:12     | Reached skill level 5 in Invocations
 12274 | D:12     | Killed a two-headed ogre
 12274 | D:12     | Reached skill level 5 in Armour
 12664 | Lair:1   | Entered Level 1 of the Lair of Beasts
 13579 | Lair:2   | Noticed a four-headed hydra
 13588 | Lair:2   | Killed a one-headed hydra
 13591 | Lair:2   | Received a gift from Okawaru
 13593 | Lair:2   | Reached XP level 13. HP: 80/87 MP: 17/17
 13767 | Lair:2   | Found a basalt altar of Yredelemnul.
 14795 | Lair:3   | Found a burning altar of Makhleb.
 15006 | Lair:3   | Found a hole to the Spider Nest.
 15270 | Lair:4   | Found a staircase to the Swamp.
 15295 | Lair:4   | Reached skill level 15 in Axes
 15296 | Lair:4   | Received a gift from Okawaru
 15804 | Lair:4   | Received a gift from Okawaru
 16117 | Lair:5   | Gained mutation: Your large and strong wings let you fly
                  | indefinitely. [Gargoyle growth]
 16117 | Lair:5   | Reached XP level 14. HP: 92/94 MP: 21/21
 16283 | Lair:5   | Reached skill level 10 in Invocations
 16764 | Lair:5   | Received a gift from Okawaru
 17415 | Lair:6   | Entered Level 6 of the Lair of Beasts
 17438 | Lair:6   | Found a frozen archway.
 17439 | Lair:6   | Noticed Urug
 17458 | Lair:6   | Killed Urug
 17485 | IceCv    | Entered an ice cave
 17617 | IceCv    | Killed a reaper
 17638 | IceCv    | HP: 2/95 [ice statue/bolt of cold (31)]
 17947 | IceCv    | Found the +0 pair of fencer's gloves {+Riposte Dex+3}
 18331 | IceCv    | Got a polished demon trident
 18335 | IceCv    | Identified the +9 demon trident of Qinurr {drain, Str+3
                  | Dex+3} (You found it in an ice cave)
 18447 | Lair:6   | Reached skill level 16 in Axes
 18543 | Lair:6   | Found a staircase to the Slime Pits.
 18543 | Lair:6   | Found a viscous altar of Jiyva.
 18692 | Lair:6   | Reached skill level 5 in Shields
 18874 | Lair:6   | Noticed Kirke
 18886 | Lair:6   | Received a gift from Okawaru
 18891 | Lair:6   | Reached XP level 15. HP: 100/100 MP: 23/23
 20020 | Lair:6   | Got a flickering silver ring
 20689 | D:12     | Received a gift from Okawaru
 21011 | D:13     | Identified the ring of Lenavvyck {rC+ MR+ Int+4} (You found
                  | it on level 6 of the Lair of Beasts)
 21092 | D:13     | Found a gate to the Vaults.
 21681 | D:14     | Noticed Snorg
 22025 | D:14     | Found Ciul's Magic Scroll Shop.
 22347 | D:14     | Received a gift from Okawaru
 22606 | D:15     | Entered Level 15 of the Dungeon
 22864 | D:15     | Killed Snorg
 22864 | D:15     | Reached skill level 10 in Armour
 22977 | D:15     | Reached XP level 16. HP: 55/107 MP: 25/25
 23349 | D:15     | Found a large runed door.
 23349 | D:15     | Found a large runed door.
 23602 | D:15     | Received a gift from Okawaru
 23603 | D:15     | Found a basalt altar of Yredelemnul.
 23611 | D:15     | Got a scorched hand axe {god gift}
 23613 | D:15     | Found a white marble altar of Elyvilon.
 23695 | D:15     | Identified the +7 hand axe of Arhecs {chop, Fragile +Blink
                  | rF++ SInv} (Okawaru gifted it to you on level 15 of the
                  | Dungeon)
 24265 | D:15     | Reached skill level 17 in Axes
 24579 | D:15     | Found a staircase to the Depths.
 25050 | Orc:1    | Entered Level 1 of the Orcish Mines
 25124 | Orc:1    | Noticed Fannar
 25148 | Orc:1    | Killed Fannar
 25405 | Orc:1    | Found a roughly hewn altar of Beogh.
 25501 | Orc:2    | Entered Level 2 of the Orcish Mines
 25522 | Orc:2    | Found a staircase to the Elven Halls.
 25652 | Orc:2    | Found Kaclogi's Food Emporium.
 25652 | Orc:2    | Found Xipu's Gadget Shoppe.
 25652 | Orc:2    | Found Wucho's Armour Shoppe.
 25779 | Orc:2    | Found Ciextaw's Armour Emporium.
 25953 | Orc:2    | Noticed Donald
 25988 | Orc:2    | Killed Donald
 25988 | Orc:2    | Reached skill level 15 in Fighting
 26972 | Elf:1    | Entered Level 1 of the Elven Halls
 27273 | Elf:1    | Noticed an Ice Fiend
 27275 | Elf:1    | Received a gift from Okawaru
 27510 | Elf:1    | Slain by an earth elemental

Skill      XL: |  1  2  3  4  5  6  7  8  9 10 11 12 13 14 15 16 |
---------------+-------------------------------------------------+-----
Axes           | 2 3 4 5 6 8 10 12 13 14 15 16 17 | 17.3
Fighting       | 4 5 6 7 9 10 12 13 14 15 | 15.1
Invocations    | 1 6 9 11 13 14 | 14.0
Armour         | 5 7 8 10 | 10.7
Shields        | 5 6 8 |  8.0

Action                   |  1- 3 |  4- 6 |  7- 9 | 10-12 | 13-15 | 16-18 || total
-------------------------+-------+-------+-------+-------+-------+-------++-------
Melee: War axe           |   131 |   234 |    52 |       |       |       ||   417
       Hand axe          |       |       |   422 |    45 |       |   252 ||   719
       Broad axe         |       |       |       |   592 |  1087 |   206 ||  1885
       Whip              |       |       |       |    12 |       |       ||    12
Invok: Heroism           |       |       |       |     5 |     4 |     2 ||    11
 Abil: Evoke Blink       |       |       |       |       |       |     1 ||     1
  Use: Potion            |     1 |       |       |       |     6 |     1 ||     8
       Scroll            |       |     2 |    11 |    21 |     6 |     5 ||    45
 Stab: Petrified         |       |       |       |       |     3 |       ||     3
  Eat: Ration            |     1 |     2 |     6 |     6 |     7 |     4 ||    26
       Chunk             |       |       |       |       |     6 |     2 ||     8
Armor: Scale mail        |   106 |   149 |   137 |       |       |       ||   392
       Plate armour      |       |       |    88 |   479 |   137 |       ||   704
       Fire dragon scale |       |       |       |       |   198 |       ||   198
       Crystal plate arm |       |       |       |       |   288 |   175 ||   463
Dodge: Dodged            |    50 |    67 |   108 |    60 |   108 |    15 ||   408
Block: Shield            |    85 |   129 |   202 |    39 |       |       ||   455
       Large shield      |       |       |       |   526 |  1048 |   366 ||  1940
       Reflection        |       |       |       |     9 |    19 |    23 ||    51
       Rpst.: Broad axe  |       |       |       |       |     5 |       ||     5
       Hand axe          |       |       |       |       |       |     4 ||     4
